 Dungeon Crawl Stone Soup version 0.31-a0-692-gf03d1854d5 (webtiles) character file.

Game seed: 10994262705215900789

217 qw the Shooter (level 5, -2/32 HPs)
             Began as a Gargoyle Hunter on Sept 6, 2023.
             Slain by a kobold
             ... wielding a +0 short sword
              (4 damage)
             ... in a sewer.
             The game lasted 00:00:56 (2343 turns).

qw the Shooter (Gargoyle Hunter)                    Turns: 2343, Time: 00:00:57

Health: -2/32      AC: 12    Str: 14    XL:     5   Next: 94%
Magic:  5/5        EV: 15    Int: 10    God:
Gold:   194        SH:  0    Dex: 15    Spells: 4/4 levels left

rFire   . . .        Y - +0 shortbow
rCold   . . .        (shield currently unavailable)
rNeg    + . .        i - +0 ring mail
rPois   inf          (no helmet)
rElec   +            f - +0 cloak
rCorr   .            (no gloves)
SInv    .            (no boots)
Will    .....        b - amulet of the acrobat
Stlth   +            a - +5 ring of evasion
HPRegen 0.25/turn    (no ring)
MPRegen 0.09/turn

%: acrobat
@: no status effects
A: sickness immunity, AC +4, negative energy resistance 1, electricity
resistance, torment resistance 1, petrification resistance, iridescent scales 1,
mutation resistance 1
a: no special abilities


You were in a sewer.
You visited 1 branch of the dungeon, and saw 4 of its levels.
You also visited: Sewer.

You collected 194 gold pieces.


Innate Abilities, Weirdness & Mutations

You are immune to sickness and miasma.
Your stone body is resilient. (AC +4)
You are immune to poison.
You resist negative energy. (rN+)
You are resistant to electric shocks. (rElec)
You are resistant to unholy torment.
You are immune to petrification.
You are partially covered in iridescent scales. (AC +2)
You are somewhat resistant to further mutation.


   Skills:
 + Level 3.1 Fighting
 - Level 6.4 Ranged Weapons
 - Level 1.2 Armour
 - Level 1.5 Dodging
 - Level 1.1 Stealth


You had 4 spell levels left.
You didn't know any spells.
Your spell library was empty.

Inventory:

Hand Weapons
 Y - a +0 shortbow (weapon)
Armour
 f - a +0 cloak (worn)
 i - a +0 ring mail (worn)
Jewellery
 a - a +5 ring of evasion (left hand)
 b - an amulet of the acrobat (around neck)
Scrolls
 c - a scroll of identify
Potions
 d - a potion of haste {unknown}
 e - 2 potions of mutation
 g - a potion of brilliance {unknown}
 h - a potion of cancellation {unknown}
 k - a potion of degeneration {unknown}

Dungeon Overview and Level Annotations

Branches:
Dungeon (4/15)              Sewer (1/1)
 Temple: D:4-7

Altars:
Fedhas
Ru
Sif Muna
Wu Jian


Message History

The kobold brigand is severely wounded.
The kobold splashes around in the water.
The kobold hits you with a +0 short sword.
The kobold brigand closely misses you. The kobold misses you.
You shoot an arrow. The arrow hits the kobold brigand.
The kobold brigand is severely wounded.
The kobold splashes around in the water.
The kobold hits you but does no damage.
The kobold brigand hits you but does no damage.
The kobold hits you with a +0 dagger.
The kobold splashes around in the water.
You shoot an arrow.
The arrow closely misses the kobold brigand.
The kobold misses you. x2
The kobold brigand hits you with a +0 short sword.
The kobold hits you but does no damage.
You shoot an arrow. The arrow hits the kobold brigand.
The kobold brigand is almost dead.
The kobold closely misses you. x2
The kobold brigand hits you with a +0 short sword.
The kobold misses you. The kobold barely misses you.
The kobold brigand closely misses you. The kobold hits you with a +0 dagger.
You shoot an arrow.
The arrow hits the kobold brigand but does no damage.
The kobold brigand is almost dead.
The kobold hits you but does no damage.
The kobold hits you with a +0 short sword.
The kobold brigand hits you but does no damage.
The kobold hits you with a +0 dagger.
You shoot an arrow. The arrow hits the kobold brigand.
The kobold brigand is almost dead.
The kobold hits you with a +0 short sword.
The kobold misses you. The kobold hits you but does no damage.
The kobold brigand barely misses you.
You shoot an arrow. The arrow hits the kobold brigand.
You kill the kobold brigand!
The kobold hits you with a +0 short sword.
The kobold closely misses you. The kobold misses you.
The kobold hits you with a +0 short sword.
You die...

######
#.?.?#
#.?\.#
#.?..# ....#
##K)##
###K@K~#
#...~~~#
##...~.~#
#.......#
#......P#
#......~#
##.P..~~P#
#.....~~~#
##....P~~~~~


You could see 3 kobolds.

Vanquished Creatures
  2 kobold brigands (Sewer)
  An orc priest (D:3)
  3 adders
  A worm (D:2)
  A dart slug (D:1)
  2 orcs (D:3)
  10 bats
  11 endoplasms
  3 giant cockroaches
  7 hobgoblins
  2 quokkas (D:1)
  14 ball pythons
  3 frilled lizards
  5 goblins
  8 kobolds
  7 rats
80 creatures vanquished.

Notes
Turn   | Place    | Note
-------+----------+-------------------------------------------
     0 | D:1      | qw the Gargoyle Hunter began the quest for the Orb.
     0 | D:1      | Reached XP level 1. HP: 12/12 MP: 1/1
     0 | D:1      | 0 ||| qw: Version: 0.3-a-76-g4403597
     0 | D:1      | 0 ||| qw: Game counter: 327
     0 | D:1      | 0 ||| qw: Melee chars always use a shield: true
     0 | D:1      | 0 ||| qw: God list: Okawaru
     0 | D:1      | 0 ||| qw: Allow faded altars: false
     0 | D:1      | 0 ||| qw: Do Orc after clearing Dungeon:15 true
     0 | D:1      | 0 ||| qw: Do second Lair branch before Depths: true
     0 | D:1      | 0 ||| qw: Lair rune preference: random
     0 | D:1      | 0 ||| qw: Goals: Normal
     0 | D:1      | 0 ||| PLANNING D:1-11
   100 | D:1      | Reached XP level 2. HP: 17/17 MP: 2/2
   202 | D:1      | 202 ||| Stepping ~*~*~tactically~*~*~ (outnumbered).
   402 | D:1      | Reached XP level 3. HP: 21/21 MP: 3/3
   487 | D:1      | Reached skill level 5 in Ranged Weapons
   752 | D:1      | 752 ||| UPGRADING to +0 cloak.
   757 | D:1      | 757 ||| UPGRADING to +0 ring mail.
   767 | D:1      | 767 ||| DROPPING +0 leather armour.
   768 | D:1      | 768 ||| READING scroll labelled YNEPNE ECODIYPT.
   769 | D:1      | 769 ||| READING scroll labelled IWNEYS SO MYESA.
   770 | D:1      | 770 ||| DRINKING 2 bubbling ruby potions.
   770 | D:1      | Gained mutation: You are somewhat resistant to further
                  | mutation. [potion of mutation]
   770 | D:1      | Gained mutation: You are partially covered in iridescent
                  | scales. (AC +2) [potion of mutation]
   771 | D:1      | 771 ||| DROPPING scroll of butterflies.
   860 | D:2      | Reached skill level 1 in Armour
   898 | D:2      | Found a sacrificial altar of Ru.
  1071 | D:2      | Reached XP level 4. HP: 27/27 MP: 4/4
  1347 | D:2      | Reached skill level 3 in Fighting
  1409 | D:2      | 1409 ||| READING scroll labelled ZEAPIH SICW.
  1410 | D:2      | 1410 ||| READING scroll labelled XAODONG PAHO.
  1791 | D:3      | Found a shimmering blue altar of Sif Muna.
  1808 | D:3      | Found a blossoming altar of Fedhas.
  1814 | D:3      | Found an ornate altar of the Wu Jian Council.
  1908 | D:3      | Reached XP level 5. HP: 32/32 MP: 5/5
  2112 | D:3      | 2112 ||| UPGRADING to amulet of the acrobat.
  2117 | D:3      | 2117 ||| UPGRADING to +5 ring of evasion.
  2118 | D:3      | 2118 ||| READING scroll labelled LINIJEJEMI.
  2171 | D:4      | Found a glowing drain.
  2172 | D:4      | 2172 ||| PLANNING SEWER
  2187 | Sewer    | Entered a sewer
  2206 | Sewer    | Noticed a kobold brigand
  2221 | Sewer    | Killed a kobold brigand
  2222 | Sewer    | Reached skill level 6 in Ranged Weapons
  2323 | Sewer    | Noticed a kobold brigand
  2341 | Sewer    | HP: 6/32 [kobold/+0 dagger (3)]
  2343 | Sewer    | Killed a kobold brigand
  2343 | Sewer    | HP: 2/32 [kobold/+0 short sword (1)]
  2343 | Sewer    | Slain by a kobold

Levels and vault maps discovered:
D:1:      ebering_trefoil_twist, layout_loops_ring, roderic_roman_lattice
D:2:      layout_basic, basic_altar
D:3:      layout_rooms, minmay_overflow_temple_star_quad,
          minmay_tree_intersection
D:4:      layout_loops_cross, portal_sewer_entry_a, serial_shops,
          kennysheep_little_box, kennysheep_generic_room_3
Sewer:    kennysheep_pipe_town

Skill      XL: |  1  2  3  4  5 |
---------------+----------------+-----
Ranged Weapons | 5 6 |  6.4
Armour         | 1 |  1.2
Fighting       | 3 |  3.1
Dodging        | |  1.5
Stealth        | |  1.1

Action                     |  1- 3 |  4- 6 || total
---------------------------+-------+-------++-------
   Fire: Shortbow          |    99 |   133 ||   232
    Use: Scroll            |     2 |     3 ||     5
         Potion            |     1 |       ||     1
 Armour: Leather armour    |    18 |       ||    18
         Ring mail         |     4 |   102 ||   106
  Dodge: Dodged            |    26 |    88 ||   114

Table legend:
 A = Non-vault XP
 B = Vault XP
 C = Vault XP percentage of total XP
 D = Non-vault monster count
 E = Vault monster count
 F = Vault count percentage of total count
                 A         B        C        D         E       F
            +---------+---------+-------+---------+---------+-------
      Total |     196 |     218 |  52.7 |      68 |      12 |  15.0
            +---------+---------+-------+---------+---------+-------
        D:1 |      43 |       0 |   0.0 |      23 |       0 |   0.0
        D:2 |      50 |       0 |   0.0 |      23 |       0 |   0.0
        D:3 |     101 |       0 |   0.0 |      21 |       0 |   0.0
        D:4 |       2 |       5 |  71.4 |       1 |       4 |  80.0
      Sewer |       0 |     213 | 100.0 |       0 |       8 | 100.0
            +---------+---------+-------+---------+---------+-------
